Cogmind - Beta 15 @@@ ROGUE MODE // 2025.07.27 @ 02:43:19 Player: Alex Result: Destroyed by G-47 Trooper with Particle Gun Performance ------------- Evolutions (1) 500 Regions Visited (3) 600 Robots Destroyed (16) 80 Value Destroyed (322) 322 Prototype IDs (1) 20 Alien Tech Used (0) 0 Bonus (0) 0 TOTAL SCORE: 1522 Bonus ------- None Cogmind --------- Core Integrity 0/400 Matter 51/500 Energy 96/100 System Corruption 0% Temperature Cool (11) Movement Walking (260) Ox2 Location -9/Materials Parts ------- > --- POWER (2) -------- (None) > --- PROPULSION (2) --- Aluminum Leg Aluminum Leg > --- UTILITY (3) ------ High-capacity Storage Unit High-capacity Matter Pod > --- WEAPON (2) ------- (None) > --- INVENTORY (20) --- Light Treads Armored Wheel Armored Wheel Small Storage Unit ECM Suite Peak State ------------ > --- POWER ------------ Light Ion Engine Light Nuclear Core > --- PROPULSION ------- Aluminum Leg Aluminum Leg > --- UTILITY ---------- High-capacity Storage Unit Experimental Sensor Array > --- WEAPON ----------- Assault Rifle Rocket Launcher > --- INVENTORY -------- Light Treads Light Treads Small Storage Unit Seismic Detector ECM Suite Light Cannon Grenade Launcher [Rating: 19] Favorites ----------- Power Light Nuclear Core Engine Light Ion Engine Power Core Light Nuclear Core Propulsion Aluminum Leg Treads Light Treads Leg Aluminum Leg Wheel Wheel Utility Small Storage Unit Device Experimental Sensor Array Storage Small Storage Unit Weapon Assault Rifle Ballistic Gun Assault Rifle Ballistic Cannon Light Cannon Launcher Rocket Launcher Build | -11 -10 -10 -9 ------- Run | Yrd Mat Min Mat Slots Evolved 2 | . . . 2 Power 1 | . . . 1 Propulsion . | . . . . Utility 1 | . . . 1 Weapon . | . . . . Parts Attached 26 | 6 5 6 9 Power 4 | 1 1 . 2 Engine 3 | 1 . . 2 Core 1 | . 1 . . Reactor . | . . . . Propulsion 10 | 2 2 2 4 Treads 2 | . . . 2 Leg 2 | . . 2 . Wheel 6 | 2 2 . 2 Hover . | . . . . Flight . | . . . . Utility 6 | 1 1 2 2 Device 3 | . 1 1 1 Storage 3 | 1 . 1 1 Processor . | . . . . Hackware . | . . . . Protection . | . . . . Artifact . | . . . . Weapon 6 | 2 1 2 1 Energy Gun . | . . . . Energy Cannon . | . . . . Ballistic Gun 3 | 2 . . 1 Ballistic Cannon 1 | . . 1 . Launcher 2 | . 1 1 . Special Weapon . | . . . . Impact Weapon . | . . . . Slashing Weapon . | . . . . Piercing Weapon . | . . . . Special Melee Weapon . | . . . . Unidentified Prototypes 1 | . . 1 . Parts Lost 12 | . . 1 11 Power 3 | . . . 3 Propulsion 2 | . . 1 1 Utility 2 | . . . 2 Weapon 5 | . . . 5 Highest Loss Streak 5 | . . 1 5 To Critical Strikes . | . . . . Average Backups 7 | 3 7 6 7 Power . | . 1 1 . Propulsion 2 | 2 4 2 3 Utility 1 | . . 1 2 Weapon 1 | . 1 1 1 Tool/Special . | . . . . Unused Backups 2 | . 1 . 1 Power . | . . . . Propulsion 1 | . . . 1 Utility . | . . . . Weapon 1 | . 1 . . Tool/Special . | . . . . Average Slot Usage (%) 91 | . 99 99 70 Engine 4 | . 13 . 9 Core 8 | . . 14 1 Leg 16 | . . 26 8 Wheel 8 | . 28 1 9 Device 12 | . 13 14 9 Storage 13 | . 14 14 13 Ballistic Gun 13 | . 18 14 8 Launcher 10 | . 9 12 7 Peak Build Rating 19 | 6 9 18 19 Average Rating 12 | 4 7 14 14 On Entrance 8 | . 6 9 18 Naked Turns . | . . . . Heaviest Build 54 | 11 17 52 54 Greatest Support 40 | 20 26 26 40 Greatest Overweight (x) 4 | . . 2 4 Average Overweight (x) . | . . . 2 Largest Inventory Capacity 20 | 8 8 20 20 Average Capacity 13 | 5 8 11 20 Most Carried 10 | 6 8 8 10 Average Carried 7 | 3 7 6 7 Final Capacity 20 | 8 8 20 20 Final Carried 8 | 6 7 8 5 Class Distribution -------------------- 100% | Mutant Dominant Class ---------------- Mutant | -10/Materials Mutant | -10/Mines Mutant | -9/Materials Resources | -11 -10 -10 -9 ----------- Run | Yrd Mat Min Mat Matter Collected 450 | 193 59 38 160 Remotely . | . . . . Salvage Created 309 | . 70 43 196 Parts 35 | . 8 13 14 Haulers Intercepted 1 | . . . 1 Recyclers Shooed 3 | . . . 3 Parts Field Recycled . | . . . . Retrieved Matter . | . . . . Parts Self-Destructed . | . . . . Prevented . | . . . . Kills | -11 -10 -10 -9 ------- Run | Yrd Mat Min Mat Combat Hostiles Destroyed 12 | . 2 6 4 Guns 3 | . 1 2 . Cannons 2 | . . 2 . AOE 7 | . 1 2 4 Classes Destroyed 6 | . 2 1 3 Worker 2 | . 1 . 1 Tunneler 1 | . . . 1 Hauler 1 | . . . 1 Swarmer 6 | . . 6 . Grunt 5 | . 2 . 3 Sentry 1 | . . . 1 Best Kill Streak 4 | . 3 3 4 Combat Bots Only 3 | . 2 3 2 Max Kills in Single Turn 2 | . 1 2 2 Gunslinging . | . . . . Exploded 2 | . 1 2 1 Melee . | . . . . Uniques/NPCs Destroyed . | . . . . Combat | -11 -10 -10 -9 -------- Run | Yrd Mat Min Mat Hostile Shots Fired 204 | . 18 46 140 Missed 53 | . 4 10 39 Hits 151 | . 14 36 101 Projectile 151 | . 14 36 101 Critical Strikes 4 | . . . 4 Damage Taken 1821 | . 142 283 1396 Core 490 | . 19 69 402 Absorbed by Shields . | . . . . Core Remaining (%) 82 | 100 . 64 . Volleys Fired 26 | . 3 14 9 Largest 2 | . 2 2 2 Hottest 53 | . 50 53 53 Shots Fired 47 | . 6 26 15 Gun 24 | . 3 14 7 Cannon 12 | . . 11 1 Launcher 11 | . 3 1 7 Special . | . . . . Kinetic 36 | . 3 25 8 Thermal . | . . . . Explosive 11 | . 3 1 7 Electromagnetic . | . . . . Robot Hit Streak 5 | . 2 3 5 Robot Miss Streak 4 | . 1 4 2 Penetration Max . | . . . . Secondary Targets . | . . . . Shots Hit Robots 21 | . 3 10 8 Core Hits 29 | . 6 7 16 Critical Kills . | . . . . Critical Parts Destroyed . | . . . . Critical Strikes . | . . . . Melee Attacks . | . . . . Impact . | . . . . Slashing . | . . . . Piercing . | . . . . Sneak Attacks . | . . . . Combat Hostiles . | . . . . Follow-up Attacks . | . . . . Damage Inflicted 959 | . 142 300 517 Guns 161 | . 25 74 62 Cannons 70 | . . 70 . Explosions 693 | . 117 146 430 Melee . | . . . . Ramming 35 | . . 10 25 Kinetic 231 | . 25 144 62 Thermal 40 | . . 40 . Explosive 653 | . 117 106 430 Electromagnetic . | . . . . Impact . | . . . . Slashing . | . . . . Piercing . | . . . . Highest Corruption . | . . . . Average Corruption . | . . . . Corruption Purged . | . . . . Corruption Blocked . | . . . . Overload Shots . | . . . . Overflow Damage . | . . . . Projectiles . | . . . . Explosions . | . . . . Melee . | . . . . Knockbacks . | . . . . Impact . | . . . . Kinetic . | . . . . Secondary . | . . . . Self-Inflicted Damage 28 | . 17 . 11 Shots 1 | . 1 . . Rammed 2 | . . . 2 Targets Rammed 6 | . . 3 3 Kicked 4 | . . 3 1 Crushed . | . . . . Highest Temperature 13 | . 2 . 13 Average Temperature 5 | . 2 . 6 Received Heat Transfer 822 | . 33 . 789 Siege Activations . | . . . . Martial Activations . | . . . . Shielding Activations . | . . . . Robots Disrupted . | . . . . Combat Hostiles . | . . . . Robots Corrupted . | . . . . Combat Hostiles . | . . . . Parts Fried . | . . . . Impact Corruptions . | . . . . Robots Melted . | . . . . Combat Hostiles . | . . . . Parts Melted . | . . . . Heat Transferred 50 | . . 50 . Parts Sabotaged . | . . . . Parts Stolen . | . . . . Parts Stripped . | . . . . Power Chain Reactions . | . . . . Alert | -11 -10 -10 -9 ------- Run | Yrd Mat Min Mat Maximum Alert Level . | . . . . Low Security (%) 100 | 100 100 100 100 Level 1 . | . . . . Level 2 . | . . . . Level 3 . | . . . . Level 4 . | . . . . Level 5 . | . . . . High Security . | . . . . Max Security . | . . . . Peak Influence 85 | . 76 83 85 Initial 29 | . . 25 29 Average 13 | . 6 11 26 Influence Increases 459 | . 83 159 217 Destroy 0b10 Robot/C 240 | . 40 120 80 Destroy 0b10 Robot/NC 20 | . 5 . 15 Destroy Leader 52 | . 10 20 22 Successful Hack 11 | . 7 . 4 Disable Machine 15 | . . 15 . Destroy Structure 61 | . 21 4 36 Lose Combat Pursuer 60 | . . . 60 Influence Decreases 459 | . 17 148 294 Entered New Map 89 | . . 41 48 Time Decay 275 | . 17 97 161 Lost Part 95 | . . 10 85 Squads Dispatched 2 | . 1 . 1 Investigation 1 | . 1 . . Extermination . | . . . . Reinforcement 1 | . . . 1 Assault . | . . . . Garrison . | . . . . Intercept . | . . . . Searches Triggered . | . . . . Construction Impeded 1 | . . . 1 Haulers Reinforced . | . . . . Active Scanning Responses . | . . . . Cargo Convoy Interrupts . | . . . . Stealth | -11 -10 -10 -9 --------- Run | Yrd Mat Min Mat Distress Signals . | . . . . Communications Jammed . | . . . . Distress Signals . | . . . . Times Spotted 30 | . 10 6 14 Peak Tracking Total 6 | . 6 3 6 Tactical Retreats 3 | . 1 . 2 Traps | -11 -10 -10 -9 ------- Run | Yrd Mat Min Mat Traps Triggered 1 | . . . 1 Indirectly . | . . . . Trap Hack Attempts . | . . . . Triggered . | . . . . Disarmed . | . . . . Reprogrammed . | . . . . Reused . | . . . . Traps Extracted . | . . . . Installed . | . . . . Triggered . | . . . . Machines | -11 -10 -10 -9 ---------- Run | Yrd Mat Min Mat Machines Disabled 2 | . 1 1 . Max in Single Turn 1 | . 1 1 . Machines Repaired . | . . . . Machines Dismantled . | . . . . Machines Sabotaged . | . . . . Overloaded Fab Kills . | . . . . Hacking | -11 -10 -10 -9 --------- Run | Yrd Mat Min Mat Machines Accessed 3 | . 2 . 1 Terminals 3 | . 2 . 1 Fabricators . | . . . . Repair Stations . | . . . . Recycling Units . | . . . . Scanalyzers . | . . . . Garrison Access . | . . . . Total Hacks 6 | . 4 . 2 Successful 3 | . 2 . 1 Failed 3 | . 2 . 1 Catastrophic . | . . . . Database Lockouts . | . . . . Manual . | . . . . Terminals 6 | . 4 . 2 Fabricators . | . . . . Repair Stations . | . . . . Recycling Units . | . . . . Scanalyzers . | . . . . Garrison Access . | . . . . Terminal Hacks 3 | . 2 . 1 Record 1 | . 1 . . Branch Access Points 1 | . 1 . . Emergency Access Points 1 | . . . 1 Fabricator Hacks . | . . . . Repair Station Hacks . | . . . . Recycling Unit Hacks . | . . . . Scanalyzer . | . . . . Garrison Access Hacks . | . . . . Unauthorized Hacks . | . . . . Terminals . | . . . . Fabricators . | . . . . Repair Stations . | . . . . Recycling Units . | . . . . Scanalyzers . | . . . . Garrison Access . | . . . . Data Cores Recovered . | . . . . Used . | . . . . Hacking Detections 2 | . 1 . 1 Full Trace Events 1 | . 1 . . Feedback Events . | . . . . Feedback Blocked . | . . . . Robot Schematics Acquired . | . . . . Robots Built . | . . . . Authchips . | . . . . Time . | . . . . Total Robot Build Rating . | . . . . Part Schematics Acquired . | . . . . Parts Built . | . . . . Authchips . | . . . . Time . | . . . . Total Part Build Rating . | . . . . Parts Repaired . | . . . . Time . | . . . . Parts Recycled . | . . . . Recycled Matter . | . . . . Retrieved Matter . | . . . . Retrieved Components . | . . . . Parts Scanalyzed . | . . . . Part Schematics Acquired . | . . . . Parts Damaged . | . . . . Bothacking | -11 -10 -10 -9 ------------ Run | Yrd Mat Min Mat Used RIF Installer . | . . . . Robots Hacked . | . . . . Non-combat . | . . . . Combat . | . . . . Robot Hacks Applied . | . . . . Relay Couplers Released . | . . . . Fabnet Peak Effective % . | . . . . Robots Rewired . | . . . . Allies Hacked . | . . . . Hacks Repelled . | . . . . Allies | -11 -10 -10 -9 -------- Run | Yrd Mat Min Mat Total Allies . | . . . . Largest Group . | . . . . Highest-Rated Group . | . . . . Highest-Rated Ally . | . . . . Total Orders . | . . . . Ally Attacks . | . . . . Total Damage . | . . . . Kills . | . . . . Allies Corrupted . | . . . . Allies Melted . | . . . . Intel | -11 -10 -10 -9 ------- Run | Yrd Mat Min Mat Active Infowar (turns) 1529 | . 283 873 373 Sensors 864 | . . 509 355 Seismic 18 | . . . 18 ECM 647 | . 283 364 . Robot Analysis Total . | . . . . Derelict Logs Recovered 1 | . . 1 . Drone Launches . | . . . . Drone Recoveries . | . . . . Exploration | -11 -10 -10 -9 ------------- Run | Yrd Mat Min Mat Turns Passed 1677 | 69 293 873 442 Spaces Moved 1205 | 68 340 557 240 Core 1 | 1 . . . Treads 13 | . . . 13 Legs 599 | . . 543 56 Wheels 592 | 67 340 14 171 Hover . | . . . . Flight . | . . . . Fastest Speed 50 | 50 80 90 105 Average Speed 127 | 79 80 146 163 Slowest Speed 260 | 80 90 260 260 Overloaded Moves . | . . . . Propulsion Burnouts . | . . . . Robots Hopped . | . . . . Potential Cave-ins . | . . . . Cave-ins Triggered . | . . . . Exploration Rate (%) 43 | 3 59 84 28 Regions Visited 3 Branch Regions 1 Pre-discovered Areas 1 | . . 1 . Known Exits Taken 1 | . 1 . . Unknown Exits Taken 2 | 1 . 1 . Scrap Searched . | . . . . Spaces Dug . | . . . . Terrain Destroyed 66 | . 21 4 41 Melee . | . . . . Projectile . | . . . . AOE 66 | . 21 4 41 Terrain Rammed . | . . . . Walls Destroyed . | . . . . Machines Disabled . | . . . . Actions | -11 -10 -10 -9 --------- Run | Yrd Mat Min Mat Total 1300 | 79 356 589 276 Wait 1 | . . 1 . Move 1202 | 67 339 556 240 Hop . | . . . . Pick Up 11 | 6 3 1 1 Fast Attach 14 | 6 2 1 5 Attach 16 | . . 5 11 Detach 13 | . 1 5 7 Swap 4 | . 3 1 . Drop 6 | . 5 1 . Fire 26 | . 3 14 9 Melee . | . . . . Ram 2 | . . . 2 Kick 4 | . . 3 1 Crush . | . . . . Escape Stasis . | . . . . Rewire 1 | . . 1 . Trap . | . . . . Miscellaneous . | . . . . Route ------- -11/Scrapyard -10/Materials -10/Mines -9/Materials History --------- Turn | Location | Event 11 | -11/Scrapyard | Discovered new exit (range 15) 70 | -11/Scrapyard | Entered Materials 273 | -10/Materials | Identified exit to Mines 314 | -10/Materials | Build established: Mutant 363 | -10/Materials | Entered Mines 432 | -10/Mines | Received a Rocket Launcher from a helpful Derelict 474 | -10/Mines | Learned location of Zion (-6) 716 | -10/Mines | Found a damaged Exp. Sensor Array with a note attached 723 | -10/Mines | Found Prototype Device 727 | -10/Mines | Identified Exp. Sensor Array 1190 | -10/Mines | Discovered new exit (range 8) 1236 | -10/Mines | Entered Materials 1236 | -9/Materials | Evolved 2 slots: Power x1, Utility x1 1652 | -9/Materials | Core integrity fell below 50% 1669 | -9/Materials | Core integrity fell below 20% 1678 | -9/Materials | Destroyed by G-47 Trooper with Particle Gun Last Messages --------------- Exp. Sensor Array destroyed. U-05 Engineer lays Concrete. R-06 Scavenger collects Lgt. Treads. R-06 Scavenger collects Hcp. Matter Pod. Triggered Blade Trap. Massive razor-sharp blades shoot up from within the floor. Arm. Wheel severed. K-01 Serf cleans the Hadron Collector. U-05 Engineer lays Concrete. K-01 Serf cleans the Hadron Collector. Lgt. Cannon destroyed. Hvy. Assault Rifle destroyed. Seismic Detector destroyed. Critical hit (Burn: +37). Lgt. Ion Engine destroyed. Critical hit (Burn: +37). K-01 Serf collects debris. Lgt. Treads destroyed. Critical hit (Burn: +37). Kicked A-02 Transporter. Map ----- +----------------------------------------------------+ | #????# ##??????# """"" ???????????? | | #????# +??????# """"" ???????????? | | #######/######???# """"" ??????????? | | + #???# ???????????? | | ####### #???# ????????????? | | ###???# #???# #??????????????? | | #???# #####+## #??????????????? | | T #???# / # #??????????????? | | #???# # """ #= ^ "" #??????????????? | | #???# # """ + Y" #??????????????? | | #???# # """ # "" #??????????????? | | #???########### """ # #??????????????? | | " #?????????????# # #??????????????? | | " #?????????????########a #####+##??????????????? | | " #????????????????????# #?????????????????????? | | #????????????????????# g #?????????????????????? | | ? #????????????????????#ggg#?????????????????????? | | ?##????????????????????# #?????????????????????? | | ???????????????????????# #?????????????????????? | | ???????????????????????# #?????????????????????? | | ???????????????????????# #?######??????????????? | | ???????????????????????# # #??????????????? | | ???????????????????????# # #??????????????? | | ???????????????????????# + ![[ #??????????????? | | ???????????????????????# # ![ #??????????????? | | ???????????????????????+ @ # ![ #??????????????? | | ???????????????????????# #? #??????????????? | | ???????????????????????## ##?## ###??????????????? | | ????????????????????????# #????##????????????????? | | ????????????????????????#r#??????????????????????? | | ???????????????????????? ??????????????????????? | | ???????????????????????? ??????????????????????? | | ???????????????????????? ??????????????????????? | | ??????????????????????? ??????????????????????? | | ??????????????????????? ??????????????????????? | | ???????????????????????" ""??????????????????????? | | ???????????????????????" ""??????????????????????? | | ???????????????????????" ""??????????????????????? | | ???????????????????????##????????????????????????? | | ?????????????????????????????????????????????????? | | ?????????????????????????????????????????????????? | | ?????????????????????????????????????????????????? | | ?????????????????????????????????????????????????? | | ?????????????????????????????????????????????????? | | ?????????????????????????????????????????????????? | | ?????????????????????????????????????????????????? | | ?????????????????????????????????????????????????? | | ?????????????????????????????????????????????????? | | ?????????????????????????????????????????????????? | | ?????????????????????????????????????????????????? | +----------------------------------------------------+ Best States ------------- Heat Dissipation 28 Energy Generation 19 Energy Capacity 185 Matter Stores 233 Matter Capacity 500 Sight Range 16 Robot Scan Range 20 Terrain Scan Density 10 ECM Strength 1 Evasion (%) 55 Recoil Reduction 2 Item Schematics ----------------- None Robot Schematics ------------------ None Fabricated ------------ Nothing Repaired ---------- Nothing Alien Tech Used ----------------- None Achievements -------------- None Challenges ------------ None Game ------ Seed GravityBiometalProtomatter Manual? 0 Play Time 00:15:37 Cumulative 6.7 hours Start 2025.07.27 @ 01:43:50 End 2025.07.27 @ 02:43:19 Sessions 3 Manual Loads 0 Difficulty Rogue Special Mode None Game No. 12 Rogue 7 Adventurer 5 Explorer 0 Win Type - Total 0 Types 0/0/0/0/0/0/0/0/0/0 Lore% 9 Gallery% 9 Achievement% 12 Wizard Run 0 Options --------- Layout 0 ASCII 0 Keyboard 1 Movement Arrows Keybinds 0 Fullscreen 1 Font 18/SmallcapsGlow Map View 76x50 Zoom Use 0% Tactical HUD 0 Map Filters NONE Filters NONE Steam 1 RUN: 49c9fccc-6bd6-4167-b321-5dfe4e95bb56